cohdb
Replays
Latest Replays
All Replays
Popular Replays
Top Player Replays
Match Explorer
How It Works
Community
CoH3 Stats
Reddit
Sign in to upload your games and track your stats! →
Sign in with Steam
Match 41015411
Unlisted
Match 41015411
Overview
Messages
Build Orders
End
Vickers Machine Gun Team
Construct Section Command Post
Infantry Section
Infantry Section
Grenade Package
Construct Field Infirmary
Selects Heavy Armor Battlegroup
Selects Rigorous Vehicle Training
Construct Platoon Command Post
Humber Armored Car
Royal Engineer Section
Selects Light Vehicle Withdraw and Refit
Selects UNKNOWN (202330)
Infantry Section
Selects Forward Repair Assembly
Infantry Training
Infantry Section
6-pounder Anti-tank Gun Team
Infantry Section
CMP 15cwt Truck
Construct Company Command Post
Matilda II Heavy Tank
Selects Recon Artillery
Recon Artillery
Unlock M3 Grant Medium Tanks
M3 Grant Medium Tank
Infantry Section
Armored Vehicle Training
Selects Churchill Black Prince Heavy Tank
Churchill Black Prince Heavy Tank
Atomic Floyd
deadsadbadmad
Leibhusar
Parabatai
0
0
Comments
sign in to comment!
No comments posted yet!